 Dungeon Crawl Stone Soup version 0.17-a0-1979-g1c74939 (webtiles) character file.

2860 kae the Carver (level 9, 0/70 HPs)
             Began as a Minotaur Fighter on Oct 5, 2015.
             Was a Follower of Qazlal.
             Slain by an unseen horror (6 damage)
             ... on level 8 of the Dungeon.
             The game lasted 00:07:20 (7163 turns).

kae the Carver (Minotaur Fighter)                   Turns: 7163, Time: 00:07:21

Health: 0/70       AC:  9    Str: 25      XL:     9   Next: 47%
Magic:  0/8        EV: 14    Int:  7      God:    Qazlal [*.....]
Gold:   94         SH: 11    Dex: 11 (12) Spells: 0 memorised, 8 levels left

rFire  . . .     SeeInvis .     a - +1 long sword
rCold  . . .     Clarity  .     b - +1 scale mail
rNeg   . . .     SustAt   .     c - +0 shield
rPois  .         Gourm    .     (helmet restricted)
rElec  .         Spirit   +     (no cloak)
rCorr  .         Warding  .     B - +0 pair of gloves {archery}
rMut   .         Stasis   .     (no boots)
MR     .....                    g - amulet of guardian spirit
Stlth  ..........               x - +4 ring of evasion
                                v - +3 ring of evasion (curse)

@: mighty, not resistant to hostile enchantments, extremely unstealthy
A: retaliatory headbutt, horns 2
a: Renounce Religion


You were on level 8 of the Dungeon.
You worshipped Qazlal.
Qazlal was aware of your devotion.
You were not hungry.

You visited 2 branches of the dungeon, and saw 9 of its levels.
You also visited: Sewer.

You collected 224 gold pieces.
You spent 130 gold pieces at shops.

Inventory:

Hand Weapons
 a - a +1 long sword (weapon)
Armour
 b - a +1 scale mail (worn)
 c - a +0 shield (worn)
 B - a +0 pair of gloves of archery (worn)
Jewellery
 g - an amulet of guardian spirit (around neck)
 v - a cursed +3 ring of evasion (left hand)
 x - a +4 ring of evasion (right hand)
 y - an uncursed ring of sustain attributes
 L - an uncursed amulet of stasis {unknown}
Wands
 A - a wand of flame (28)
 C - a wand of hasting (3)
 F - a wand of digging (6)
 M - a wand of confusion (26)
Scrolls
 i - 4 scrolls of remove curse
 n - 3 scrolls of random uselessness
 o - 2 scrolls of teleportation
 p - a scroll of blinking
 s - 4 scrolls of identify
 E - a scroll of enchant weapon
 I - a scroll of fog
Potions
 d - 3 potions of might
 h - 2 potions of haste {unknown}
 k - 2 potions of magic {unknown}
 l - 5 potions of heal wounds {unknown}
 m - 2 potions of lignification {unknown}
 q - 3 potions of agility {unknown}
 r - a potion of poison {unknown}
 t - 2 potions of degeneration {unknown}
 u - 4 potions of brilliance {unknown}
 w - 2 potions of flight {unknown}
 G - a potion of resistance {unknown}
 H - a potion of mutation {unknown}
Books
 J - a book of the Tempests

   Spells                             Type                      Level
   a - Static Discharge               Conjuration/Air              3
   b - Lightning Bolt                 Conjuration/Air              5
   c - Fireball                       Conjuration/Fire             5
   d - Tornado                        Air                          9
   e - Shatter                        Earth                        9
Comestibles
 e - 6 bread rations
 j - 4 meat rations
 z - 2 beef jerkies
 D - 6 fruits
 K - 3 chunks of flesh


   Skills:
 - Level 3.6 Fighting
 + Level 14.9 Long Blades
 - Level 3.6 Armour
 - Level 3.6 Shields


You had 8 spell levels left.
You didn't know any spells.

Dungeon Overview and Level Annotations

Branches:
Dungeon (8/15)             Temple (1/1) D:7
   Lair: D:8-11

Altars:
Ashenzari
Cheibriados
Dithmenos
Elyvilon
Fedhas
Kikubaaqudgha
Makhleb
Nemelex Xobeh
Okawaru
Qazlal
Ru
Sif Muna
Trog
Vehumet
Xom
Yredelemnul
Zin

Shops:
D:6 *=*   D:7 !


Innate Abilities, Weirdness & Mutations

You reflexively headbutt those who attack you in melee.
You have a pair of horns on your head.


Message History

* * * LOW HITPOINT WARNING * * *
Drink which item? (? for menu, Esc to quit)
You feel better. Something barely misses you.
Something hits you but does no damage.
You swing at nothing.
Something hits you but does no damage. Something hits you.
* * * LOW HITPOINT WARNING * * *
You slash something! Something hits you.
* * * LOW HITPOINT WARNING * * *
You closely miss something. You headbutt something!
Something hits you but does no damage.
You swing at nothing.
You closely miss something. Something hits you.
* * * LOW HITPOINT WARNING * * *
Something hits you!
* * * LOW HITPOINT WARNING * * *
You swing at nothing.
Something hits you.
* * * LOW HITPOINT WARNING * * *
You closely miss something. Your headbutt misses something. Something hits you.
You die...

##.....###
# ##.####
# #.# #
#.# # #.#
#.# #.#
#.# #@#
###


There were no monsters in sight!

Vanquished Creatures
  Joseph (D:7)
  A wyvern (D:8)
  A wraith (D:6)
  An ice beast (D:5)
  A water moccasin (D:7)
  2 black bears
  5 ogres
  An orc warrior (D:7)
  2 centaurs
  A giant frog (D:8)
  A quasit (D:8)
  4 hounds
  A giant frog zombie (D:8)
  5 orc priests
  A centaur skeleton (D:8)
  3 orc wizards
  An iguana (D:8)
  3 worker ants
  A worker ant zombie (D:7)
  17 gnolls
  8 river rats (Sewer)
  12 adders
  2 shadow imps (D:7)
  5 worms
  10 giant geckos
  30 orcs
  6 ball pythons
  4 hobgoblins
  2 jackals (D:3)
  3 quokkas
  10 bats
  9 giant cockroaches
  10 giant newts
  7 goblins
  A jackal skeleton (D:4)
  24 kobolds
  2 quokka zombies
  25 rats
223 creatures vanquished.

Notes
Turn   | Place    | Note
--------------------------------------------------------------
     0 | D:1      | kae the Minotaur Fighter began the quest for the Orb.
     0 | D:1      | Reached XP level 1. HP: 19/19 MP: 0/0
   122 | D:1      | Found an iron altar of Okawaru.
   156 | D:1      | Reached XP level 2. HP: 19/26 MP: 1/1
   558 | D:2      | Reached skill level 4 in Long Blades
   616 | D:2      | Reached XP level 3. HP: 31/31 MP: 2/2
   877 | D:2      | You fall through a shaft for 2 floors!
  1056 | D:4      | Reached skill level 5 in Long Blades
  1056 | D:4      | Reached XP level 4. HP: 33/39 MP: 3/3
  1224 | D:4      | Reached skill level 6 in Long Blades
  1295 | D:4      | Found a shimmering altar of Xom.
  1414 | D:2      | Reached XP level 5. HP: 45/45 MP: 4/4
  2178 | D:3      | Reached skill level 7 in Long Blades
  2309 | D:3      | Reached XP level 6. HP: 47/51 MP: 3/5
  3281 | D:4      | Found a sparkling altar of Nemelex Xobeh.
  3497 | D:4      | Reached skill level 8 in Long Blades
  3625 | D:4      | Found a blossoming altar of Fedhas.
  3679 | D:5      | Entered Level 5 of the Dungeon
  3793 | D:5      | Reached skill level 9 in Long Blades
  3920 | D:5      | Reached XP level 7. HP: 24/57 MP: 2/6
  4064 | D:5      | Reached skill level 10 in Long Blades
  4194 | D:5      | Found a basalt altar of Yredelemnul.
  4476 | D:6      | Found a glowing drain.
  4483 | Sewer    | Entered a sewer
  4657 | Sewer    | Reached skill level 11 in Long Blades
  4704 | Sewer    | Reached XP level 8. HP: 55/64 MP: 7/7
  4985 | D:6      | Found Daymn's Assorted Antiques.
  4994 | D:6      | Bought a pair of runed gloves for 130 gold pieces
  5283 | D:6      | Found Mikoit's Jewellery Shop.
  5300 | D:6      | Noticed a wraith
  5314 | D:6      | Killed a wraith
  5318 | D:6      | Found Kaloem's General Store.
  5359 | D:6      | Reached skill level 12 in Long Blades
  5852 | D:7      | Found a staircase to the Ecumenical Temple.
  5866 | Temple   | Entered the Ecumenical Temple
  5993 | Temple   | Became a worshipper of Qazlal Stormbringer
  6040 | D:7      | Noticed Joseph
  6061 | D:7      | Killed Joseph
  6061 | D:7      | Reached skill level 13 in Long Blades
  6072 | D:7      | Reached XP level 9. HP: 70/70 MP: 8/8
  6163 | D:7      | Found an ancient bone altar of Kikubaaqudgha.
  6257 | D:7      | Reached skill level 14 in Long Blades
  6566 | D:7      | Found Lyemoade's Distillery.
  6996 | D:8      | Acquired Qazlal's first power
  7163 | D:8      | Slain by an unseen horror

Vault maps used:
D:1:      dpeg_arrival_arbitrary_c, okawaru_ov_weapons_minmay
D:3:      lemuel_upstairs_altar, grunt_decor_arrowhead
D:4:      nemelex_deck, nicolae_overflow_crystal_walls,
          nicolae_overflow_hidden_temple, minmay_misc_feat_enclosed,
          roderic_lattice_a, minivault_5
D:5:      yredelemnul_altar_generic, first_bread,
          hangedman_abyss_or_decor_stagger
D:6:      lightli_sewer_entry_pipes, serial_shops, nicolae_shop_statue_plus,
          shop, nicolae_shop_waterfront, grunt_ministairs_1,
          lemuel_flamethrower_2
D:7:      kiku_gazebo_pond_becter, minmay_temple_entry_grid, serial_shops,
          nicolae_shop_statue_plus, minmay_misc_feat_ornament, uniq_joseph
D:8:      uniq_erolcha
Temple:   jpeg_temple_clearing_12
Sewer:    sewer_minmay_treatment

Action                   |  1- 3 |  4- 6 |  7- 9 || total
-------------------------+-------+-------+-------++-------
Melee: Long sword        |    78 |   232 |   307 ||   617
Evoke: Wand              |       |       |     1 ||     1
  Use: Scroll            |     1 |       |    11 ||    12
       Potion            |       |       |     6 ||     6
  Eat: Chunk             |       |     9 |    12 ||    21
